ITL
CHATTANOOGA CHINPOKOMON @ MEMPHIS REDBIRDS
07/28/2030
 
TOP OF THE 1ST
Chattanooga Chinpokomon batting - Pitching for Memphis Redbirds : RHP José López
Pitching: RHP José López
Batting: LHB Elvin Summers 0-0: Ball
1-0: Foul Ball, location: 2F
1-1: Ball
2-1: Ball
3-1: Base on Balls
Batting: RHB Luis Antonio Velásquez 0-0: Ball
Elvin Summers steals 2nd base
1-0: Called Strike
1-1: Reached on error, E3 (Groundball, 3)
Elvin Summers to third
Batting: RHB Tom Hicks 0-0: Fly out, F8 (Flyball, 89D)
Runner from 3rd tags up, SCORES, throw made
Batting: LHB José Costa 0-0: Ball
1-0: Foul Ball, location: 2F
1-1: Foul Ball, location: 2F
1-2: Ball
2-2: Fly out, F7 (Flyball, 78M)
Batting: RHB Ricardo Salazar 0-0: Called Strike
0-1: Called Strike
0-2: Ground out 5-3 (Groundball, 56S)
Top of the 1st over - 1 run, 0 hits, 1 error, 1 left on base; Chattanooga 1 - Memphis 0
BOTTOM OF THE 1ST
Memphis Redbirds batting - Pitching for Chattanooga Chinpokomon : LHP Glenn Fox
Pitching: LHP Glenn Fox
Batting: LHB Glenn Williamson 0-0: Foul Ball, location: 2F
0-1: Foul Ball, location: 2F
0-2: Ball
1-2: Strikes out swinging
Batting: RHB Dave Boom 0-0: Ground out 5-3 (Groundball, 5S)
Batting: LHB Milo Powers 0-0: Called Strike
0-1: Ball
1-1: Called Strike
1-2: Strikes out swinging
Bottom of the 1st over - 0 runs, 0 hits, 0 errors, 0 left on base; Chattanooga 1 - Memphis 0
TOP OF THE 2ND
Chattanooga Chinpokomon batting - Pitching for Memphis Redbirds : RHP José López
Batting: LHB Ramiro Muńóz 0-0: Ball
1-0: Called Strike
1-1: Ball
2-1: Ball
3-1: Base on Balls
Batting: RHB John Robertson 0-0: Ball
1-0: Ball
2-0: Fly out, F2 (Popup, 2RF)
Batting: RHB Ichizo Akiyama 0-0: Ball
1-0: Swinging Strike
1-1: Foul Ball, location: 2F
1-2: Ball
2-2: Ball
3-2: Base on Balls
Ramiro Muńóz to second
Batting: RHB Jesús Ramírez 0-0: Called Strike
0-1: Ball
1-1: Ball
2-1: Called Strike
2-2: Ground out U3 (Groundball, 34S)
Ramiro Muńóz to third
Ichizo Akiyama to second
Batting: LHB Elvin Summers 0-0: Called Strike
0-1: Foul Ball, location: 2F
0-2: Strikes out swinging
Top of the 2nd over - 0 runs, 0 hits, 0 errors, 2 left on base; Chattanooga 1 - Memphis 0
BOTTOM OF THE 2ND
Memphis Redbirds batting - Pitching for Chattanooga Chinpokomon : LHP Glenn Fox
Batting: RHB Will Sterling 0-0: Called Strike
0-1: Foul Ball, location: 2F
0-2: Foul Ball, location: 2F
0-2: Foul Ball, location: 2F
0-2: Ball
1-2: Ball
2-2: Foul Ball, location: 2F
2-2: Ground out 4-3 (Groundball, 34)
Batting: LHB Richard Hinkle 0-0: Ball
1-0: Called Strike
1-1: Swinging Strike
1-2: Strikes out swinging
Batting: RHB Desi Thompson 0-0: Foul Ball, location: 2F
0-1: Ground out 6-3 (Groundball, 6)
Bottom of the 2nd over - 0 runs, 0 hits, 0 errors, 0 left on base; Chattanooga 1 - Memphis 0
TOP OF THE 3RD
Chattanooga Chinpokomon batting - Pitching for Memphis Redbirds : RHP José López
Batting: RHB Luis Antonio Velásquez 0-0: Ball
1-0: Ground out 3-1 (Groundball, 34)
Batting: RHB Tom Hicks 0-0: Ball
1-0: Ball
2-0: Ball
3-0: Base on Balls
Batting: LHB José Costa 0-0: Ball
1-0: Called Strike
1-1: Ball
2-1: Ball
3-1: Base on Balls
Tom Hicks to second
Batting: RHB Ricardo Salazar 0-0: Ball
1-0: Ball
2-0: Called Strike
2-1: Fly out, F8 (Flyball, 8RD)
Batting: LHB Ramiro Muńóz 0-0: Ball
1-0: Ball
2-0: Foul Ball, location: 2F
2-1: Ball
3-1: Fielders Choice at 2nd, 6-4 (Groundball, 6)
Top of the 3rd over - 0 runs, 0 hits, 0 errors, 2 left on base; Chattanooga 1 - Memphis 0
BOTTOM OF THE 3RD
Memphis Redbirds batting - Pitching for Chattanooga Chinpokomon : LHP Glenn Fox
Batting: LHB Al Miller 0-0: Ball
1-0: Foul Ball, location: 2F
1-1: Ball
2-1: SINGLE (Groundball, 56D)
Batting: SHB Wayne Matthews 0-0: Foul Ball, location: 2F
0-1: Ball
1-1: Ball
2-1: Ball
3-1: Base on Balls
Al Miller to second
Batting: SHB Lewis Woods 0-0: Called Strike
0-1: Fly out, F4 (Line Drive, 4M)
Batting: LHB Glenn Williamson 0-0: Ball
1-0: Ground out U3 (Groundball, 34S)
Al Miller to third
Wayne Matthews to second
Batting: RHB Dave Boom 0-0: Ball
1-0: Ball
2-0: Foul Ball, location: 2F
2-1: Fly out, F7 (Flyball, 7LS)
Bottom of the 3rd over - 0 runs, 1 hit, 0 errors, 2 left on base; Chattanooga 1 - Memphis 0
TOP OF THE 4TH
Chattanooga Chinpokomon batting - Pitching for Memphis Redbirds : RHP José López
Batting: RHB John Robertson 0-0: Ball
1-0: Fly out, F4 (Popup, 34S)
Batting: RHB Ichizo Akiyama 0-0: Ball
1-0: Ball
2-0: Fly out, F8 (Flyball, 8RXD)
Batting: RHB Jesús Ramírez 0-0: Called Strike
0-1: Swinging Strike
0-2: Ball
1-2: Foul Ball, location: 2F
1-2: Ball
2-2: Strikes out looking
Top of the 4th over - 0 runs, 0 hits, 0 errors, 0 left on base; Chattanooga 1 - Memphis 0
BOTTOM OF THE 4TH
Memphis Redbirds batting - Pitching for Chattanooga Chinpokomon : LHP Glenn Fox
Batting: LHB Milo Powers 0-0: Ball
1-0: Swinging Strike
1-1: Ball
2-1: Ball
3-1: Called Strike
3-2: Base on Balls
Batting: RHB Will Sterling 0-0: Ball
1-0: Called Strike
1-1: Ball
2-1: Swinging Strike
2-2: Ground out 4-3 (Groundball, 4MS)
Milo Powers to second
Batting: LHB Richard Hinkle 0-0: 2-RUN HOME RUN (Flyball, 7LD) (Inside the Park)
Batting: RHB Desi Thompson 0-0: Ball
1-0: Fly out, F9 (Line Drive, 9)
Batting: LHB Al Miller 0-0: Ball
1-0: Ball
2-0: Fly out, F9 (Flyball, 9S)
Bottom of the 4th over - 2 runs, 1 hit, 0 errors, 0 left on base; Chattanooga 1 - Memphis 2
TOP OF THE 5TH
Chattanooga Chinpokomon batting - Pitching for Memphis Redbirds : RHP José López
Batting: LHB Elvin Summers 0-0: Ball
1-0: DOUBLE (Line Drive, 9LM)
Batting: RHB Luis Antonio Velásquez 0-0: Ball
1-0: Ball
2-0: Foul Ball, location: 2F
2-1: Ground out 6-3 (Groundball, 6)
Batting: RHB Tom Hicks 0-0: Called Strike
0-1: Fly out, F7 (Flyball, 78D)
Batting: LHB José Costa 0-0: Ball
1-0: Called Strike
1-1: 2-RUN HOME RUN (Flyball, 7LD) (Inside the Park)
Batting: RHB Ricardo Salazar 0-0: Ball
1-0: Swinging Strike
1-1: Foul Ball, location: 2F
1-2: Strikes out swinging
Top of the 5th over - 2 runs, 2 hits, 0 errors, 0 left on base; Chattanooga 3 - Memphis 2
BOTTOM OF THE 5TH
Memphis Redbirds batting - Pitching for Chattanooga Chinpokomon : LHP Glenn Fox
Batting: SHB Wayne Matthews 0-0: Ball
1-0: Foul Ball, location: 2F
1-1: Fly out, F8 (Flyball, 8LM)
Batting: SHB Lewis Woods 0-0: Ground out U3 (Groundball, 3S)
Batting: LHB Glenn Williamson 0-0: Called Strike
0-1: Ball
1-1: Foul Ball, location: 2F
1-2: Strikes out swinging
Bottom of the 5th over - 0 runs, 0 hits, 0 errors, 0 left on base; Chattanooga 3 - Memphis 2
TOP OF THE 6TH
Chattanooga Chinpokomon batting - Pitching for Memphis Redbirds : RHP José López
Batting: LHB Ramiro Muńóz 0-0: Ball
1-0: Foul Ball, location: 2F
1-1: Ball
2-1: SINGLE (Groundball, 34D)
Batting: RHB John Robertson 0-0: Ball
1-0: Ball
2-0: Ball
3-0: Called Strike
3-1: Called Strike
3-2: Foul Ball, location: 2F
3-2: Base on Balls
Ramiro Muńóz to second
Batting: RHB Ichizo Akiyama 0-0: Called Strike
0-1: Foul Ball, location: 2F
0-2: Ball
1-2: Foul Ball, location: 2F
1-2: Foul Ball, location: 2F
1-2: Ball
2-2: Fly out, F7 (Flyball, 7)
Batting: RHB Jesús Ramírez 0-0: Ball
1-0: Foul Ball, location: 2F
1-1: DOUBLE (Line Drive, 7D)
Ramiro Muńóz scores
John Robertson to third
Runner from 3rd tries for Home, SAFE, no throw
Pitching: LHP Tony Rivera
Batting: LHB Elvin Summers 0-0: Called Strike
0-1: Ball
1-1: Fly out, F8 (Flyball, 8LM)
Batting: RHB Luis Antonio Velásquez 0-0: Called Strike
0-1: Ball
1-1: Ball
2-1: Ball
3-1: Base on Balls
Batting: RHB Tom Hicks 0-0: Called Strike
0-1: Foul Ball, location: 2F
0-2: Ball
1-2: Ball
2-2: Ball
3-2: Base on Balls
Jesús Ramírez to third
Luis Antonio Velásquez to second
Batting: LHB José Costa 0-0: Fielders Choice at 2nd, 5-4 (Groundball, 5)
Top of the 6th over - 2 runs, 2 hits, 0 errors, 3 left on base; Chattanooga 5 - Memphis 2
BOTTOM OF THE 6TH
Memphis Redbirds batting - Pitching for Chattanooga Chinpokomon : LHP Glenn Fox
Batting: RHB Dave Boom 0-0: Called Strike
0-1: Called Strike
0-2: Ball
1-2: Foul Ball, location: 2F
1-2: Strikes out swinging
Batting: LHB Milo Powers 0-0: Ball
1-0: Swinging Strike
1-1: Called Strike
1-2: Strikes out looking
Batting: RHB Will Sterling 0-0: Ball
1-0: Ground out 5-3 (Groundball, 56S)
Bottom of the 6th over - 0 runs, 0 hits, 0 errors, 0 left on base; Chattanooga 5 - Memphis 2
TOP OF THE 7TH
Chattanooga Chinpokomon batting - Pitching for Memphis Redbirds : LHP Tony Rivera
Batting: RHB Ricardo Salazar 0-0: Ball
1-0: Ground out 4-3 (Groundball, 4MS)
Batting: LHB Ramiro Muńóz 0-0: Called Strike
0-1: Ball
1-1: Ball
2-1: Ground out 4-3 (Groundball, 4S)
Batting: RHB John Robertson 0-0: Ball
1-0: Ball
2-0: Ground out U3 (Groundball, 34)
Top of the 7th over - 0 runs, 0 hits, 0 errors, 0 left on base; Chattanooga 5 - Memphis 2
BOTTOM OF THE 7TH
Memphis Redbirds batting - Pitching for Chattanooga Chinpokomon : LHP Glenn Fox
Batting: LHB Richard Hinkle 0-0: Called Strike
0-1: Ball
1-1: SINGLE (Flyball, 7LS)
Batting: RHB Desi Thompson 0-0: Fly out, F8 (Flyball, 8RXD)
Batting: LHB Al Miller 0-0: Called Strike
0-1: Ball
1-1: Ball
2-1: Foul Ball, location: 2F
2-2: Ball
3-2: Base on Balls
Richard Hinkle to second
Batting: SHB Wayne Matthews 0-0: Ball
1-0: Fly out, F7 (Flyball, 7D)
Runner from 2nd tags up, SAFE at 3rd, no throw
Batting: SHB Lewis Woods 0-0: Ball
1-0: Fly out, F8 (Flyball, 8LD)
Bottom of the 7th over - 0 runs, 1 hit, 0 errors, 2 left on base; Chattanooga 5 - Memphis 2
TOP OF THE 8TH
Chattanooga Chinpokomon batting - Pitching for Memphis Redbirds : LHP Tony Rivera
Batting: RHB Ichizo Akiyama 0-0: Ball
1-0: Foul Ball, location: 2F
1-1: Fly out, F9 (Flyball, 9S)
Batting: RHB Jesús Ramírez 0-0: Ground out 4-3 (Groundball, 34)
Batting: LHB Elvin Summers 0-0: Swinging Strike
0-1: Called Strike
0-2: Foul Ball, location: 2F
0-2: Ball
1-2: Ball
2-2: Strikes out swinging
Top of the 8th over - 0 runs, 0 hits, 0 errors, 0 left on base; Chattanooga 5 - Memphis 2
BOTTOM OF THE 8TH
Memphis Redbirds batting - Pitching for Chattanooga Chinpokomon : LHP Glenn Fox
Batting: LHB Glenn Williamson 0-0: Ball
1-0: Ground out U3 (Groundball, 3)
Batting: RHB Dave Boom 0-0: Called Strike
0-1: Foul Ball, location: 2F
0-2: Ball
1-2: Ground out 6-3 (Groundball, 6)
Batting: LHB Milo Powers 0-0: Ball
1-0: Ball
2-0: Swinging Strike
2-1: SINGLE (Groundball, 4MD)
Batting: RHB Will Sterling 0-0: Ball
1-0: Ball
2-0: Called Strike
2-1: Foul Ball, location: 2F
2-2: Fly out, F9 (Flyball, 9LS)
Bottom of the 8th over - 0 runs, 1 hit, 0 errors, 1 left on base; Chattanooga 5 - Memphis 2
TOP OF THE 9TH
Chattanooga Chinpokomon batting - Pitching for Memphis Redbirds : LHP Tony Rivera
Batting: RHB Luis Antonio Velásquez 0-0: Fly out, F4 (Line Drive, 4M)
Batting: RHB Tom Hicks 0-0: Called Strike
0-1: Ball
1-1: Ball
2-1: Foul Ball, location: 2F
2-2: Ball
3-2: Foul Ball, location: 2F
3-2: Base on Balls
Batting: LHB José Costa 0-0: SINGLE (Flyball, 8LS)
Tom Hicks to second
Runner from 2nd tries for 3rd, SAFE, throw made to third
Batting: RHB Ricardo Salazar 0-0: Ball
1-0: Ball
2-0: Called Strike
2-1: Called Strike
2-2: Strikes out swinging
Batting: LHB Ramiro Muńóz 0-0: Ball
1-0: Foul Ball, location: 2F
1-1: Ball
2-1: Ball
3-1: Swinging Strike
3-2: Base on Balls
José Costa to second
Batting: RHB John Robertson 0-0: Ball
1-0: Fly out, F3 (Line Drive, 4)
Top of the 9th over - 0 runs, 1 hit, 0 errors, 3 left on base; Chattanooga 5 - Memphis 2
BOTTOM OF THE 9TH
Memphis Redbirds batting - Pitching for Chattanooga Chinpokomon : LHP Glenn Fox
Pitching: RHP Renaldo Quilh
Batting: LHB Richard Hinkle 0-0: Called Strike
0-1: Ball
1-1: Ball
2-1: Foul Ball, location: 2F
2-2: Strikes out swinging
Batting: RHB Desi Thompson 0-0: Foul Ball, location: 2F
0-1: Ball
1-1: Called Strike
1-2: Strikes out looking
Batting: LHB Al Miller 0-0: Ground out 6-3 (Groundball, 6)
Bottom of the 9th over - 0 runs, 0 hits, 0 errors, 0 left on base; Chattanooga 5 - Memphis 2
Saturday, April 7th, 2018 - OOTP Baseball 18.8 Build 76